AoeStats
← Solvyn

Arabia

504476326Analyzed
4v4 RM · 25d ago on Sep 5, 2026· 47m 2s· 8 players
Game mode
Random Map
Map size
Large (8 player)
Population
200
Speed
Normal
Resources
Standard
Victory
Conquest
Starting age
Dark Age
Ending age
Imperial Age
RankedLock teamsTeams togetherTeam positionsShared explorationLock speedFull tech treeHidden civsTurbo modeCheats
Victory
Defeat
🇬🇪 Georgians · Georgia
923
+15
🇧🇪 Franks · Belgium
901
+16
🇬🇧 Vietnamese · United Kingdom
882
+16
🇨🇭 Slavs · Switzerland
878
+17
🇩🇪 Teutons · Germany
954
-40
🇹🇼 Wei · Taiwan
895
-42
🇹🇷 Malay · Türkiye
885
-16
🇩🇪 Britons · Germany
835
-13
-Slipstream/Matt
8:24 Loom
10:57 Feudal Age
11:23 Double-Bit Axe
14:45 Gold Mining
14:37 Horse Collar
21:34 Castle Age
21:26 Wheelbarrow
22:07 Fletching
22:18 Padded Archer Armor
21:44 Crossbowman
22:30 Thumb Ring
24:26 Bodkin Arrow
24:47 Leather Archer Armor
26:56 Stone Mining
28:20 Bow Saw
28:12 Heavy Plow
29:41 Hand Cart
44:35 Ballistics
48:50 Imperial Age
46:22 Murder Holes
KlauKalash
9:38 Loom
11:24 Feudal Age
13:45 Double-Bit Axe
17:20 Castle Age
16:37 Scale Barding Armor
19:07 Forging
24:29 Chain Barding Armor
23:54 Pikeman
26:07 Iron Casting
28:36 Wheelbarrow
28:50 Bow Saw
30:34 Hand Cart
30:08 Town Watch
35:19 Imperial Age
33:08 Fletching
34:36 Scale Mail Armor
34:39 Gold Mining
35:36 Cavalier
36:53 Plate Barding Armor
37:19 Blast Furnace
36:59 Husbandry
38:03 Chain Mail Armor
37:10 Halberdier
38:23 Squires
39:37 Caravan
40:06 Paladin
44:21 Plate Mail Armor
Solvyn
8:24 Loom
10:23 Feudal Age
9:40 Loom
16:35 Castle Age
15:07 Double-Bit Axe
16:18 Horse Collar
20:11 Bow Saw
20:03 Heavy Plow
23:45 Stone Mining
24:41 Wheelbarrow
27:31 Gold Mining
29:25 Bloodlines
34:23 Imperial Age
32:13 Husbandry
32:38 Forging
35:38 Elite Monaspa
38:21 Conscription
41:16 Scale Barding Armor
41:12 Scale Mail Armor
41:48 Iron Casting
42:24 Aznauri Cavalry
43:53 Stone Shaft Mining
43:03 Heavy Cavalry Archer
44:09 Parthian Tactics
44:41 Parthian Tactics
46:55 Chemistry
orb.blue
0:29 Loom
11:18 Feudal Age
15:31 Castle Age
16:37 Double-Bit Axe
18:51 Sanctity
18:17 Horse Collar
23:01 Wheelbarrow
28:54 Atonement
31:21 Detinets
31:52 Hand Cart
35:51 Forging
35:47 Scale Barding Armor
36:18 Bow Saw
37:38 Murder Holes
37:54 Masonry
38:07 Redemption
38:43 Bloodlines
38:34 Husbandry
42:18 Imperial Age
41:07 Chain Barding Armor
41:28 Iron Casting
42:20 Elite Boyar
44:20 Conscription
45:07 Blast Furnace
44:47 Plate Barding Armor
46:42 Fletching
46:53 Padded Archer Armor
47:56 Chemistry
46:48 Guard Tower
VECTOR
9:01 Loom
12:08 Feudal Age
17:45 Castle Age
17:35 Double-Bit Axe
20:04 Forging
20:58 Horse Collar
27:24 Gold Mining
29:21 Stone Mining
30:08 Scale Barding Armor
33:15 Pikeman
37:41 Imperial Age
37:58 Cavalier
43:26 Paladin
45:20 Iron Casting
45:08 Chain Barding Armor
RASHAD KHALID
13:52 Feudal Age
18:44 Castle Age
25:58 Elite Skirmisher
31:44 Pikeman
32:25 Squires
48:08 Imperial Age
ceu
0:36 Loom
10:22 Feudal Age
11:58 Wheelbarrow
11:11 Double-Bit Axe
11:08 Horse Collar
14:53 Stone Mining
14:54 Gold Mining
16:39 Stone Mining
21:54 Castle Age
19:55 Fletching
20:06 Padded Archer Armor
21:16 Scale Mail Armor
21:27 Forging
22:29 Elite Skirmisher
23:29 Leather Archer Armor
28:45 Hand Cart
29:44 Gold Shaft Mining
30:30 Bow Saw
30:58 Heavy Plow
32:24 Bodkin Arrow
38:58 Imperial Age
42:35 Imperial Age
43:19 Bracer
43:51 Ring Archer Armor
45:04 Town Watch
sd871sdsd
16:52 Feudal Age
Connection lost

Rejoining the realm…

Still unreachable

The connection could not be restored.

Session expired

The server has moved on; the page needs a fresh start.